 Dungeon Crawl Stone Soup version 0.28-a0-1038-g9c4cb8273d (webtiles) character file.

Game seed: 12468866478470933129

23 random13 the Caller (level 2, 0/11 HPs)
             Began as a Felid Summoner on Dec 9, 2021.
             Was a Follower of Qazlal.
             Slain by a bat (1 damage)
             ... on level 1 of the Dungeon.
             The game lasted 00:02:40 (1546 turns).

random13 the Caller (Felid Summoner)                Turns: 1546, Time: 00:02:41

Health: 0/11       AC:  1    Str:  4    XL:     2   Next: 72%
Magic:  5/6        EV: 17    Int: 16    God:    Qazlal [*.....]
Gold:   18         SH:  1    Dex: 16    Spells: 2/5 levels left
                                        Lives:  0   Deaths: 0

rFire   . . .      SeeInvis +     - Unarmed
rCold   . . .      Faith    .   (shield unavailable)
rNeg    . . .      Spirit   .   (armour unavailable)
rPois   .          Reflect  .   (helmet unavailable)
rElec   .          Harm     .   (cloak unavailable)
rCorr   .          Rampage  .   (gloves unavailable)
Will    .....                   (boots unavailable)
Stlth   ++........              (no amulet)
HPRegen 0.03/turn               (no ring)
MPRegen 0.10/turn               (no ring)

@: quick
A: very small, claws 1, fangs 3, see invisible, speed 1, shaggy fur 1, stealthy
paws, no weapons or thrown items, no armour, multi-lived
a: Renounce Religion


You were on level 1 of the Dungeon.
You worshipped Qazlal.
Qazlal was aware of your devotion.
You visited 1 branch of the dungeon, and saw 1 of its levels.

You collected 18 gold pieces.

Inventory:

Scrolls
 a - a scroll of identify {unknown}
 d - a scroll of noise {unknown}
Potions
 b - a potion of flight {unknown}
 c - a potion of resistance {unknown}


   Skills:
 - Level 2.6 Dodging
 - Level 2.6 Stealth
 + Level 2.4 Unarmed Combat
 - Level 2.0 Spellcasting
 - Level 4.0 Summonings


You had 2 spell levels left.
You knew the following spells:

 Your Spells              Type           Power      Damage    Failure   Level
a - Summon Small Mammal   Summ           56%        N/A       4%          1
b - Call Imp              Summ           14%        N/A       6%          2

Your spell library contained the following spells:

 Spells                   Type           Power      Damage    Failure   Level
 Call Canine Familiar     Summ           14%        N/A       12%         3
 Summon Guardian Golem    Hex/Summ       8%         N/A       26%         3
 Summon Lightning Spire   Summ/Air       8%         N/A       65%         4


Dungeon Overview and Level Annotations

Branches:
Dungeon (1/15)

Altars:
Qazlal


Innate Abilities, Weirdness & Mutations

You have sharp claws.
You have razor-sharp teeth.
You have supernaturally acute eyesight. (SInv)
You cover ground quickly. (Speed+)
You are covered in fur. (AC +1)
Your paws help you pounce on unaware monsters.
You are incapable of wielding weapons or throwing items.
You cannot wear armour.
You gain extra lives every three experience levels.


Message History

Your crimson imp closely misses the hobgoblin.
Your crimson imp blinks!
A bat comes into view.
The jackal bites you.
* * * LOW HITPOINT WARNING * * *
Found 14 stones.
Your quokka bites the jackal.
Casting: Summon Small Mammal (safe; 4% risk of failure)
Confirm with . or Enter, or press ? or * to list all spells.
The bat misses you. The jackal closely misses you.
Your crimson imp blinks!
You barely miss the jackal. You bite the jackal.
The jackal is almost dead.
Your bat is engulfed in freezing vapours.
You kill your bat!
Your bat's corpse disappears in a puff of smoke!
You block the jackal's attack.
Your quokka misses the jackal. The bat closely misses you.
Your quokka bites the jackal.
The jackal dies!
Qazlal accepts your kill. The bat misses you.
Your crimson imp barely misses the quokka.
The bat misses you.
You swap places.
The bat hits your quokka but does no damage.
The bat barely misses your quokka.
Your quokka completely misses the bat.
The bat hits your quokka but does no damage.
The bat closely misses your quokka. The bat barely misses your quokka.
Your quokka barely misses the bat.
The bat hits your quokka but does no damage.
Your crimson imp blinks!
Your quokka barely misses the bat.
The hobgoblin completely misses you.
Your crimson imp blinks!
The bat barely misses you. The bat completely misses you. The bat misses you.
The bat closely misses you. The bat barely misses you.
The bat hits you but does no damage. The bat hits you.
You die...

.#..# ..#### .. .#
.....+ #.# .#
..####.#.###( ..
.#..##...... .##
#.#.###...## ..
#..###.....## ###.##
#####.......###b#..##
####.........#.#@...#
...+....5..r.r###.......
####........g#.#....####
# ##.......###.##.## ##
##.....####.# ## .#
##.......#.# .#
##.####.#.# .# #.# #.#.#
.# #.####.#.#


You could see a bat.

Vanquished Creatures
  2 dart slugs (D:1)
  A bat (D:1)
  An endoplasm (D:1)
  2 giant cockroaches (D:1)
  A hobgoblin (D:1)
  A goblin (D:1)
  3 kobolds (D:1)
  3 rats (D:1)
14 creatures vanquished.

Vanquished Creatures (collateral kills)
  A dart slug (D:1)
  2 jackals (D:1)
3 creatures vanquished.

Grand Total: 17 creatures vanquished

Notes
Turn   | Place    | Note
-------+----------+-------------------------------------------
     0 | D:1      | random13 the Felid Summoner began the quest for the Orb.
     0 | D:1      | Reached XP level 1. HP: 7/7 MP: 4/4
    95 | D:1      | Found a faded altar of an unknown god.
   244 | D:1      | Prayed at the altar of an unknown god.
   244 | D:1      | Became a worshipper of Qazlal Stormbringer
   244 | D:1      | Reached * piety under Qazlal
   278 | D:1      | Reached skill level 1 in Unarmed Combat
   909 | D:1      | Reached XP level 2. HP: 11/11 MP: 6/6
  1224 | D:1      | Learned a level 2 spell: Call Imp
  1546 | D:1      | Slain by a bat

Illustrated notes

Levels and vault maps discovered:
D:1:      nzn_arrival_crosshair, layout_loops_corners,
          hellmonk_ecumenical_altar_pennies_from_heaven

Skill      XL: |  1  2 |
---------------+-------+-----
Unarmed Combat | 1 2 |  2.4
Dodging        | |  2.6
Stealth        | |  2.6
Spellcasting   | |  2.0
Summonings     | |  4.0

Action                   || total
-------------------------++-------
Melee: Unarmed           ||    70
       Bite              ||     9
 Cast: Summon Small Mamm ||     4
       Call Imp          ||     2
 Stab: Sleeping          ||     2
Armor: Skin              ||     9
Dodge: Dodged            ||    73
Block: Other             ||     4

Table legend: (Time is in decaauts)
 A = Elapsed time spent in this place.
 B = Non-inter-level travel time spent in this place.
 C = Inter-level travel time spent in this place.
 D = Time resting spent in this place.
 E = Time spent auto-exploring this place.
 F = Levels seen in this place.
 G = Mean time per level.
                   A        B        C        D        E       F      G
               +--------+--------+--------+--------+--------+-----+--------+
         Total |   1464 |   1455 |      9 |    623 |    638 |   1 | 1464.0 |
       Dungeon |   1464 |   1455 |      9 |    623 |    638 |   1 | 1464.0 |
               +--------+--------+--------+--------+--------+-----+--------+

Top non-repeatable levels by time:
     D:1: 1464 daAuts
